 Dungeon Crawl Stone Soup version 0.16-a0-2179-gb75b79b (webtiles) character file.

295 wvc the Basher (level 6, 3/59 HPs)
             Began as an Ogre Gladiator on Nov 14, 2014.
             Quit the game on level 3 of the Dungeon.
             The game lasted 00:08:26 (2929 turns).

wvc the Basher (Ogre Gladiator)                     Turns: 2929, Time: 00:08:27

Health: 3/59       AC:  3    Str: 22    XL:     6   Next: 34%
Magic:  6/6        EV: 16    Int:  7    God:
Gold:   124        SH:  0    Dex: 16    Spells: 0 memorised, 5 levels left

rFire  . . .     SeeInvis .     a - +1 flail
rCold  . . .     Clarity  .     j - +0 robe
rNeg   . . .     SustAb   .     (shield restricted)
rPois  .         Gourm    .     c - +0 hat
rElec  .         Spirit   .     (no cloak)
rCorr  .         Warding  .     (gloves unavailable)
rMut   .         Stasis   .     (boots unavailable)
MR     .....                    (no amulet)
Stlth  ++........               (no ring)
                                (no ring)

@: agile, not resistant to hostile enchantments, unstealthy
A: unfitting armour, tough skin 1
a: no special abilities


You were on level 3 of the Dungeon.
You were not hungry.

You visited 1 branch of the dungeon, and saw 6 of its levels.

You collected 124 gold pieces.

Inventory:

Hand weapons
 a - a +1 flail (weapon)
 n - a +2 hunting sling of velocity
Missiles
 d - 2 throwing nets (quivered)
 g - 3 javelins
 q - 24 stones
Armour
 c - a +0 hat (worn)
 j - a +0 robe (worn)
Scrolls
 m - 4 scrolls of enchant weapon
 o - 2 scrolls of remove curse
Potions
 b - a potion of curing
 k - a potion of mutation {unknown}
 l - 2 potions of cancellation
 p - 3 potions of heal wounds {unknown}
 r - a potion of restore abilities {unknown}
 s - a potion of brilliance {unknown}
 t - a potion of cure mutation {unknown}
Comestibles
 f - a meat ration


   Skills:
 - Level 2.6 Fighting
 * Level 9.1 Maces & Flails
 - Level 2.1 Throwing
 - Level 2.6 Dodging


You had 5 spell levels left.
You didn't know any spells.

Dungeon Overview and Level Annotations

Branches:
Dungeon (6/15)
 Temple: D:4-7

Altars:
Sif Muna

Annotations:
D:3 Grinder
D:6 Natasha


Innate Abilities, Weirdness & Mutations

You are too large for most types of armour.
You have tough skin (AC +1).


Message History

Press: ? - help, Shift-Dir - straight line, f/p - Grinder
Aim: Grinder (almost dead)
You throw a javelin. The javelin hits Grinder.
Grinder is almost dead.
Grinder says, "I used to sell toenails on the black market."
Quiver which item? (- for none, * to show all) (? for menu, Esc to quit)
Quivering
d - 3 throwing nets for throwing.
There are no items here.
There are no items here.
Throwing (i - inventory. (,) - cycle):
d - 3 throwing nets (quivered)
Press: ? - help, Shift-Dir - straight line, f/p - Grinder
Aim: Grinder (almost dead)
You throw a throwing net.
The throwing net closely misses Grinder.
Grinder gestures at you. Pain shoots through your body!
* * * LOW HITPOINT WARNING * * *
Quiver which item? (- for none, * to show all) (? for menu, Esc to quit)
Okay, then.
Are you sure you want to abandon this character and quit the game? (Confirm with "yes".)

########### ###
...(.......# #..
#......##.###########..
#...(..................
#....5..#.##.....####..
#.....@.#.##...........
#......................
#.......#.#####........
#.#....(..#.#####..)...##
#.....>..((....##......#
#########.#.##.#########
...#...... .#
...#######.### #.# .....
..... #.#


You could see Grinder.

Vanquished Creatures
  The ghost of B1inky the Skirmisher, an average DgFi (D:3)
  Sigmund (D:3)
  Terence (D:2)
  A gnoll (D:5)
  4 adders (D:2)
  A giant mite (D:2)
  2 worms
  An ooze (D:3)
  2 ball pythons
  2 giant cockroaches (D:2)
  10 goblins
  4 hobgoblins
  7 kobolds
  A quokka (D:2)
  4 bats
  2 giant geckos
  14 giant newts
  8 rats
66 creatures vanquished.

Notes
Turn   | Place    | Note
--------------------------------------------------------------
     0 | D:1      | wvc, the Ogre Gladiator, began the quest for the Orb.
     0 | D:1      | Reached XP level 1. HP: 22/22 MP: 1/1
   127 | D:1      | Reached XP level 2. HP: 26/29 MP: 2/2
   172 | D:1      | Reached skill level 5 in Maces & Flails
   681 | D:1      | Reached XP level 3. HP: 36/36 MP: 3/3
   912 | D:2      | Reached skill level 6 in Maces & Flails
  1132 | D:2      | Found a deep blue altar of Sif Muna.
  1184 | D:2      | Noticed Terence
  1200 | D:2      | Killed Terence
  1200 | D:2      | Reached XP level 4. HP: 25/44 MP: 4/4
  1658 | D:2      | Reached skill level 7 in Maces & Flails
  1958 | D:3      | Noticed Sigmund
  1973 | D:3      | Killed Sigmund
  1973 | D:3      | Reached skill level 8 in Maces & Flails
  1973 | D:3      | Reached XP level 5. HP: 42/50 MP: 5/5
  2293 | D:3      | Noticed B1inky's ghost (average DgFi)
  2314 | D:3      | Killed B1inky's ghost
  2314 | D:3      | Reached skill level 9 in Maces & Flails
  2314 | D:3      | Reached XP level 6. HP: 31/59 MP: 6/6
  2609 | D:3      | You fall through a shaft for 3 floors!
  2653 | D:6      | Noticed Natasha
  2665 | D:5      | Entered Level 5 of the Dungeon
  2902 | D:3      | Noticed Grinder
  2910 | D:3      | Paralysed by Grinder for 4 turns
  2929 | D:3      | Quit the game

Action                   |  1- 3 |  4- 6 || total
-------------------------+-------+-------++-------
Melee: Flail             |    91 |   107 ||   198
Throw: Javelin           |     2 |    14 ||    16
       Throwing net      |     1 |     1 ||     2
  Use: Scroll            |     3 |     5 ||     8
       Potion            |     1 |     3 ||     4
  Eat: Chunk             |       |     3 ||     3
       Beef jerky        |       |     1 ||     1
       Bread ration      |       |     1 ||     1
